 Dungeon Crawl Stone Soup version 0.29.1-1-gd02db6906a (webtiles) character file.

Game seed: 8636323232198429811

406 pesado the Skirmisher (level 6, -10/51 HPs)
             Began as a Gnoll Hunter on Sept 15, 2022.
             Mangled by an ogre
             ... wielding a +0 giant spiked club
              (34 damage)
             ... on level 4 of the Dungeon.
             The game lasted 00:04:46 (3999 turns).

pesado the Skirmisher (Gnoll Hunter)                Turns: 3999, Time: 00:04:46

Health: -10/51     AC:  7    Str: 10    XL:     6   Next: 87%
Magic:  9/9        EV: 14    Int:  8    God:
Gold:   265        SH:  0    Dex: 18    Spells: 9/9 levels left

rFire   . . .      SeeInvis .   g - +2 quarterstaff (chaos)
rCold   . . .      Faith    .   (shield currently unavailable)
rNeg    . . .      Spirit   .   c - +0 leather armour
rPois   .          Reflect  .   (no helmet)
rElec   .          Harm     .   q - +2 cloak
rCorr   .          Rampage  .   (no gloves)
Will    .....                   e - +0 pair of boots
Stlth   ++........              l - amulet of magic regeneration
HPRegen 0.17/turn               (no ring)
MPRegen 0.51/turn               (no ring)

@: no status effects
A: fangs 1, strong nose, distributed training
a: no special abilities


You were on level 4 of the Dungeon.
You visited 1 branch of the dungeon, and saw 4 of its levels.

You collected 265 gold pieces.

Inventory:

Hand Weapons
 a - a +0 shortbow
 g - a +2 quarterstaff of chaos (weapon)
 h - a +0 great sword
 m - a +3 whip of electrocution
Armour
 c - a +0 leather armour (worn)
 e - a +0 pair of boots (worn)
 i - a +2 ring mail of poison resistance
 q - a +2 cloak (worn)
Jewellery
 l - an amulet of magic regeneration (around neck)
Wands
 r - a wand of iceblast (18)
 s - a wand of polymorph (6)
Scrolls
 b - 3 scrolls of immolation
 j - a scroll of fog {unknown}
 k - 2 scrolls of identify {unknown}
 o - a scroll of amnesia
 p - a scroll of magic mapping {unknown}
 t - a scroll of torment {unknown}
Potions
 d - 2 potions of flight
 f - 2 potions of brilliance {unknown}
 n - a potion of heal wounds


   Skills:
 + Level 5.1 Fighting
 + Level 2.2 Short Blades
 + Level 2.2 Long Blades
 + Level 2.2 Axes
 + Level 2.2 Maces & Flails
 + Level 2.2 Polearms
 + Level 2.2 Staves
 + Level 8.8 Ranged Weapons
 + Level 2.2 Throwing
 + Level 2.2 Armour
 + Level 5.1 Dodging
 + Level 3.2 Stealth
 + Level 2.2 Shields
 + Level 2.2 Unarmed Combat
 + Level 2.2 Spellcasting
 + Level 1.8 Conjurations
 + Level 1.8 Hexes
 + Level 1.8 Summonings
 + Level 1.8 Necromancy
 + Level 1.8 Translocations
 + Level 1.8 Transmutations
 + Level 1.8 Fire Magic
 + Level 1.8 Ice Magic
 + Level 1.8 Air Magic
 + Level 1.8 Earth Magic
 + Level 1.8 Poison Magic
 + Level 2.4 Invocations
 + Level 2.2 Evocations


You had 9 spell levels left.
You didn't know any spells.
Your spell library contained the following spells:

 Spells                   Type           Power      Damage    Failure   Level
 Ignite Poison            Fire/Tmut/Pois 3%         N/A       54%         3
 Mephitic Cloud           Conj/Pois/Air  3%         N/A       54%         3
 Freezing Cloud           Conj/Ice/Air   1%         6-21      99%         5


Dungeon Overview and Level Annotations

Branches:
Dungeon (4/15)
 Temple: D:4-7

Altars:
Dithmenos
Okawaru
Uskayaw
The Shining One

Shops:
D:3 (


Innate Abilities, Weirdness & Mutations

You have very sharp teeth.
Your uncanny sense of smell can sniff out nearby items.
Your experience applies equally to all skills.


Message History

Natasha is severely wounded.
Natasha casts a spell.
You hit Natasha but do no damage.
Natasha is almost dead.
You kill Natasha!
You feel Natasha's spirit has finally been put to rest.
The white imp disappears in a puff of smoke!
s - a wand of polymorph (6)
You see here the felid corpse of Natasha.
You start resting.
HP restored.
You start waiting.
Your transformation is almost over.
You feel less batty.
Your +2 quarterstaff of chaos unmelds from your body.
Your +2 cloak unmelds from your body.
Your +0 pair of boots unmelds from your body.
Your +0 leather armour unmelds from your body.
Your +2 quarterstaff of chaos is briefly surrounded by a scintillating aura of random colours.
Found a leather armour.
t - a scroll labelled QIKUVISTROR
f - 2 fuming orange potions (gained 1)
Found a glowing golden altar of the Shining One.
A dart slug comes into view.
A dart slug is nearby!
A dart slug is nearby!
An ogre comes into view. It is wielding a +0 giant spiked club.
The ogre shouts!
You hit the dart slug. You freeze the dart slug.
The dart slug is severely wounded.
The ogre misses you.
The dart slug bites you but does no damage.
You hit the dart slug.
You kill the dart slug!
The ogre hits you with a +0 giant spiked club!!
Ouch! That really hurt!
You are too injured to fight recklessly!
The ogre hits you with a +0 giant spiked club!!
Ouch! That really hurt!
You die...

##### ..... ..... .....
##### ........ ### #...#
........ ..#.#...#
........ #...#...#
.##.... ##......# .#...#
.......@# ## #.....∆
#..##.O.#####.. ..##.#
#.......... ..##.#
###.≈≈≈≈≈≈≈ ..##.#
#.≈...... .....## #.
#.≈.≈.≈≈≈ ..#...# #.#
#.≈.≈...≈
.###..####.#####.≈.≈._.≈
.#.|.............≈.≈...§


You could see an ogre.

Vanquished Creatures
  A scorpion (D:4)
  Crazy Yiuf (D:3)
  Terence (D:3)
  An orc wizard (D:4)
  Natasha (thrice) (D:4)
  4 gnolls
  5 adders
  2 worms
  4 dart slugs
  7 orcs
  9 endoplasms
  A giant cockroach (D:2)
  12 goblins
  12 hobgoblins
  4 quokkas
  6 ball pythons
  5 bats
  5 frilled lizards
  8 kobolds
  4 rats
95 creatures vanquished.

Notes
Turn   | Place    | Note
-------+----------+-------------------------------------------
     0 | D:1      | pesado the Gnoll Hunter began the quest for the Orb.
     0 | D:1      | Reached XP level 1. HP: 20/20 MP: 1/1
   101 | D:1      | Reached XP level 2. HP: 26/26 MP: 2/2
   104 | D:1      | Found a faded altar of an unknown god.
   396 | D:1      | Reached XP level 3. HP: 31/31 MP: 2/4
   730 | D:2      | Reached skill level 1 in Invocations
  1027 | D:2      | Found a hide-covered altar of Uskayaw.
  1188 | D:2      | Reached skill level 1 in Short Blades
  1188 | D:2      | Reached skill level 1 in Long Blades
  1188 | D:2      | Reached skill level 1 in Axes
  1188 | D:2      | Reached skill level 1 in Maces & Flails
  1188 | D:2      | Reached skill level 1 in Polearms
  1188 | D:2      | Reached skill level 1 in Staves
  1188 | D:2      | Reached skill level 1 in Throwing
  1188 | D:2      | Reached skill level 1 in Armour
  1188 | D:2      | Reached skill level 1 in Shields
  1188 | D:2      | Reached skill level 1 in Unarmed Combat
  1188 | D:2      | Reached skill level 1 in Spellcasting
  1188 | D:2      | Reached skill level 1 in Evocations
  1293 | D:2      | Reached XP level 4. HP: 38/38 MP: 5/5
  1615 | D:3      | Noticed Terence
  1623 | D:3      | Killed Terence
  1624 | D:3      | Reached skill level 1 in Conjurations
  1624 | D:3      | Reached skill level 1 in Hexes
  1624 | D:3      | Reached skill level 1 in Summonings
  1624 | D:3      | Reached skill level 1 in Necromancy
  1624 | D:3      | Reached skill level 1 in Translocations
  1624 | D:3      | Reached skill level 1 in Transmutations
  1624 | D:3      | Reached skill level 1 in Fire Magic
  1624 | D:3      | Reached skill level 1 in Ice Magic
  1624 | D:3      | Reached skill level 1 in Air Magic
  1624 | D:3      | Reached skill level 1 in Earth Magic
  1624 | D:3      | Reached skill level 1 in Poison Magic
  2467 | D:3      | Found Rexoamepn's Weapon Boutique.
  2525 | D:3      | Reached XP level 5. HP: 43/43 MP: 7/7
  2571 | D:3      | Found a runed translucent door.
  2572 | D:3      | Noticed Crazy Yiuf
  2587 | D:3      | Killed Crazy Yiuf
  2742 | D:3      | Identified the +3 hammer of Ciegg {spect, rN+}
  3030 | D:4      | Found an iron altar of Okawaru.
  3051 | D:4      | Reached XP level 6. HP: 46/50 MP: 8/8
  3216 | D:4      | HP: 3/75 [gnoll/+0 whip (3)]
  3227 | D:4      | Reached skill level 5 in Fighting
  3227 | D:4      | Reached skill level 5 in Dodging
  3573 | D:4      | Found a shadowy altar of Dithmenos.
  3757 | D:4      | Noticed Natasha
  3764 | D:4      | Killed Natasha
  3804 | D:4      | Noticed Natasha
  3816 | D:4      | Killed Natasha
  3867 | D:4      | Noticed Natasha
  3874 | D:4      | Killed Natasha
  3986 | D:4      | Found a glowing golden altar of the Shining One.
  3999 | D:4      | Mangled by an ogre

Illustrated notes

Levels and vault maps discovered:
D:1:      minmay_arrival_four_loops, layout_basic,
          hellmonk_ecumenical_altar_blasted, roderic_roman_lattice
D:2:      layout_loops_corners, basic_altar, nicolae_figureground_pulse
D:3:      layout_loops_ring, serial_shops, shop, nicolae_hexahallways,
          chequers_serial_rivers_micro_d, uniq_terence, uniq_crazy_yiuf_cottage
D:4:      cheibrodos_greedy_goblins, layout_rooms, mainiacjoe_overflow_brackets,
          mainiacjoe_overflow_concentric_impassable,
          grunt_dithmenos_smoke_and_mirrors, st_stairs_1,
          minmay_fractal_squares_5, uniq_natasha

Skill      XL: |  1  2  3  4  5  6 |
---------------+-------------------+-----
Invocations    | 1 2 |  2.4
Short Blades   | 1 2 |  2.2
Long Blades    | 1 2 |  2.2
Axes           | 1 2 |  2.2
Maces & Flails | 1 2 |  2.2
Polearms       | 1 2 |  2.2
Staves         | 1 2 |  2.2
Throwing       | 1 2 |  2.2
Armour         | 1 2 |  2.2
Shields        | 1 2 |  2.2
Unarmed Combat | 1 2 |  2.2
Spellcasting   | 1 2 |  2.2
Evocations     | 1 2 |  2.2
Conjurations   | 1 |  1.8
Hexes          | 1 |  1.8
Summonings     | 1 |  1.8
Necromancy     | 1 |  1.8
Translocations | 1 |  1.8
Transmutations | 1 |  1.8
Fire Magic     | 1 |  1.8
Ice Magic      | 1 |  1.8
Air Magic      | 1 |  1.8
Earth Magic    | 1 |  1.8
Poison Magic   | 1 |  1.8
Stealth        | 3 |  3.2
Fighting       | 5 |  5.1
Dodging        | 5 |  5.1
Ranged Weapons | |  8.8

Action                   |  1- 3 |  4- 6 || total
-------------------------+-------+-------++-------
Melee: Whip              |       |    33 ||    33
       Bite              |       |     9 ||     9
       Quarterstaff      |       |    70 ||    70
       Unarmed           |       |     8 ||     8
 Fire: Shortbow          |    75 |    63 ||   138
  Use: Scroll            |       |     6 ||     6
       Potion            |       |     5 ||     5
 Stab: Sleeping          |       |     6 ||     6
       Confused          |       |     1 ||     1
Armor: Leather armour    |     7 |    31 ||    38
       Skin              |       |    26 ||    26
Dodge: Dodged            |     9 |    85 ||    94
